 Dungeon Crawl Stone Soup version 0.31-a0-361-g0f8bd3a31e (webtiles) character file.

Game seed: 8761374604905547046

35 BritishOli the Trooper (level 3, 0/29 HPs)
             Began as a Demonspawn Fighter on July 27, 2023.
             Succumbed to an adder's poison
             ... on level 2 of the Dungeon.
             The game lasted 00:00:30 (1026 turns).

BritishOli the Trooper (Demonspawn Fighter)         Turns: 1026, Time: 00:00:30

Health: 0/29       AC:  6    Str: 18    XL:     3   Next: 16%
Magic:  3/3        EV:  9    Int:  9    God:
Gold:   12         SH:  4    Dex: 12    Spells: 2/2 levels left

rFire   . . .        a - +0 war axe
rCold   . . .        c - +0 buckler
rNeg    . . .        b - +0 scale mail
rPois   .            (no helmet)
rElec   .            (no cloak)
rCorr   .            (no gloves)
SInv    .            (no boots)
Will    .....        (no amulet) Stlth
                     (no ring)
HPRegen 0.24/turn    (no ring)
MPRegen 0.08/turn

%: no passive effects
@: lethally poisoned (0 -> -3)
A: claws 1, demonic magic 1
a: no special abilities


You were on level 2 of the Dungeon.
You visited 1 branch of the dungeon, and saw 2 of its levels.

You collected 12 gold pieces.

Inventory:

Hand Weapons
 a - a +0 war axe (weapon)
Armour
 b - a +0 scale mail (worn)
 c - a +0 buckler (worn)
Scrolls
 i - a scroll of teleportation {unknown}
Potions
 d - a potion of might
 e - a potion of resistance {unknown}
 f - a potion of lignification {unknown}
 g - a potion of curing {unknown}
 h - 2 potions of degeneration {unknown}
 j - a potion of invisibility {unknown}


   Skills:
 + Level 3.3 Fighting
 + Level 2.2 Axes
 + Level 3.0 Armour
 + Level 3.0 Shields


You had 2 spell levels left.
You didn't know any spells.
Your spell library contained the following spells:

 Spells                   Type           Power      Damage    Failure   Level
 Sandblast                Erth           0%         2d4       85%         1
 Passwall                 Tmut/Erth      0%         N/A       94%         2
 Stone Arrow              Conj/Erth      0%         3d7       99%         3


Dungeon Overview and Level Annotations

Branches:
Dungeon (2/15)

Altars:


Innate Abilities, Weirdness & Mutations

You have sharp fingernails.
Spells you cast may paralyse adjacent enemies.


Message History

The adder bites you but does no damage. The goblin hits you but does no damage.
The adder bites you but does no damage. You block the adder's attack.
The goblin hits you but does no damage. The adder barely misses you.
The goblin hits you but does no damage. The rat barely misses you.
The adder barely misses you. The rat barely misses you.
The goblin hits you but does no damage.
The adder bites you but does no damage. x2
The goblin hits you but does no damage. The rat bites you but does no damage.
The adder barely misses you. The rat barely misses you.
The goblin hits you but does no damage. The adder barely misses you.
The goblin hits you but does no damage. The rat bites you but does no damage.
You block the adder's attack. The adder bites you but does no damage.
The rat bites you. The goblin barely misses you. The adder bites you.
The goblin hits you with a +0 dagger. The rat bites you but does no damage.
The adder bites you. The goblin closely misses you. The rat bites you.
You block the adder's attack. The rat bites you.
The goblin completely misses you. The adder bites you.
You are poisoned.
The adder poisons you!
You feel sick. The adder barely misses you. The rat barely misses you.
The goblin hits you but does no damage.
You feel sick. The adder bites you but does no damage.
The goblin hits you with a +0 dagger. The rat bites you.
You feel sick. The adder bites you but does no damage.
The rat bites you but does no damage. The goblin hits you but does no damage.
You feel sick. The adder closely misses you. The adder completely misses you.
The goblin hits you but does no damage. You block the rat's attack.
You feel sick. The adder bites you.
* * * LOW HITPOINT WARNING * * *
You are lethally poisoned!
The adder poisons you! The rat bites you.
* * * LOW HITPOINT WARNING * * *
You block the goblin's attack.
* * * LOW HITPOINT WARNING * * *
You feel sick. You block the adder's attack.
The goblin hits you but does no damage. The rat barely misses you.
You die...

# #.#.#......# #.
#.#........# ##..
#.#........+
....##.#........#
...............
..........##.#
#...S......####
#..[g@.......<#
......r........##
.............###..
....##...†........<
... #.....#.###...
...........#.# # .
.........#..
.............
.........#.###


You could see an adder, a goblin and a rat.

Vanquished Creatures
  2 adders (D:2)
  A bat (D:2)
  2 endoplasms (D:1)
  3 goblins
  2 hobgoblins (D:1)
  A quokka (D:1)
  A ball python (D:2)
  A frilled lizard (D:1)
  A kobold (D:1)
  3 rats (D:1)
17 creatures vanquished.

Notes
Turn   | Place    | Note
-------+----------+-------------------------------------------
     0 | D:1      | BritishOli the Demonspawn Fighter began the quest for the
                  | Orb.
     0 | D:1      | Reached XP level 1. HP: 18/18 MP: 1/1
   308 | D:1      | Gained mutation: You have sharp fingernails. [demonic
                  | ancestry]
   308 | D:1      | Reached XP level 2. HP: 24/24 MP: 2/2
   987 | D:2      | Gained mutation: Spells you cast may paralyse adjacent
                  | enemies. [demonic ancestry]
   987 | D:2      | Reached XP level 3. HP: 24/29 MP: 3/3
  1025 | D:2      | HP: 1/29 [poisoned by an adder]
  1026 | D:2      | Succumbed to an adder's poison

Illustrated notes

Levels and vault maps discovered:
D:1:      shiori_arrival_elements, layout_loops_corners,
          minmay_misc_feat_nine_boxes
D:2:      layout_basic, hellmonk_ecumenical_altar_leap_of_faith, minmay_between

Skill      XL: |  1  2 |
---------------+-------+-----
Axes           | 2 |  2.2
Shields        | 3 |  3.0
Armour         | 3 |  3.0
Fighting       | |  3.3

Action                     || total
---------------------------++-------
  Melee: War axe           ||    63
 Armour: Scale mail        ||    59
  Dodge: Dodged            ||    50
  Block: Buckler           ||    24

Table legend: (Time is in decaauts)
 A = Elapsed time spent in this place.
 B = Non-inter-level travel time spent in this place.
 C = Inter-level travel time spent in this place.
 D = Time resting spent in this place.
 E = Time spent auto-exploring this place.
 F = Levels seen in this place.
 G = Mean time per level.
                   A        B        C        D        E       F      G
               +--------+--------+--------+--------+--------+-----+--------+
         Total |   1054 |   1004 |     50 |     32 |    803 |   2 |  527.0 |
       Dungeon |   1054 |   1004 |     50 |     32 |    803 |   2 |  527.0 |
               +--------+--------+--------+--------+--------+-----+--------+

Top non-repeatable levels by time:
     D:1: 940 daAuts
     D:2: 113 daAuts
